Map: Kairos Junction LE

Players

Elazer

  • Race: Zerg Zerg
  • Spawn Location: 5:00

Hellraiser - Winner!

  • Race: Protoss Protoss
  • Spawn Location: 11:00

Event: IEM Season 13: Katowice (2019)

VOD

Have the link to the VOD?

Description

Time

  • Played on: Feb. 26, 2019, 9:04 a.m.
  • Length: 14:13

All games in this series

Show
View Real Time Build Order
Export as new Build Order

Elazer Zerg 

Build Orders: Pool First, Swarm Host 

Get SALT Encoding   

  12  0:00  Drone  
  13  0:12  Overlord  
  13  0:16  Drone  
  14  0:30  Drone x2  
  16  0:36  Drone  
  17  0:44  Extractor, Drone  
  17  0:50  Spawning Pool  
  17  0:55  Drone  
  17  1:07  Drone  
  18  1:16  Hatchery  
  17  1:19  Drone  
  18  1:36  Queen  
  18  1:37  Zergling x2  
  21  1:48  Overlord  
  21  1:52  Metabolic Boost  
  21  1:55  Drone  
  22  2:08  Drone  
  23  2:10  Drone  
  23  2:11  Queen  
  26  2:22  Drone  
  27  2:28  Drone  
  28  2:31  Drone  
  28  2:34  Pneumatized Carapace  
  29  2:38  Drone  
  29  2:42  Drone  
  29  2:44  Drone  
  32  2:52  Hatchery  
  32  2:57  Overlord, Drone  
  32  2:59  Drone  
  32  3:02  Drone  
  32  3:05  Drone  
  35  3:08  Drone  
  36  3:16  Queen  
  36  3:18  Drone x2  
  40  3:24  Overlord  
  40  3:25  Drone x2  
  40  3:27  Drone  
  43  3:32  Drone  
  44  3:44  Drone x2  
  44  3:47  Drone x4  
  50  3:52  Queen  
  52  3:57  Overlord  
  52  4:05  Queen, Overlord  
  52  4:06  Drone x4  
  52  4:09  Overlord  
  58  4:12  Roach Warren  
  58  4:13  Extractor  
  58  4:14  Overlord  
  57  4:19  Zergling x4  
  59  4:25  Zergling x4  
  59  4:26  Zergling x4  
  59  4:29  Queen  
  59  4:30  Overlord  
  65  4:37  Extractor, Drone x3  
  67  4:38  Overlord  
  67  4:43  Drone x3  
  70  4:47  Overlord  
  70  4:51  Lair  
  70  4:52  Drone  
  70  4:53  Drone  
  70  4:54  Extractor  
  70  4:57  Overlord  
  70  5:01  Evolution Chamber  
  70  5:02  Overlord  
  70  5:05  Drone x6  
  74  5:11  Overlord  
  74  5:13  Overlord  
  74  5:15  Drone x3  
  77  5:21  Overlord  
  77  5:23  Extractor, Overlord  
  77  5:27  Overlord  
  76  5:28  Zerg Missile Weapons Level 1  
  76  5:31  Extractor  
  76  5:32  Drone x2  
  76  5:33  Drone x2  
  79  5:37  Overlord  
  79  5:45  Zergling x14  
  79  5:47  Overlord  
  82  5:57  Overlord  
  82  5:59  Roach x2, Glial Reconstitution  
  86  6:07  Drone x2  
  86  6:08  Drone x2  
  86  6:11  Roach x4, Hatchery  
  89  6:15  Overlord  
  89  6:17  Drone  
  98  6:20  Extractor  
  98  6:22  Infestation Pit  
  98  6:23  Drone x3  
  98  6:24  Roach  
  101  6:30  Overlord  
  101  6:31  Roach  
  103  6:34  Roach  
  103  6:38  Roach x2  
  109  6:45  Roach x4  
  117  6:57  Overlord, Drone  
  118  7:03  Swarm Host x2  
  118  7:04  Swarm Host x4  
  135  7:10  Overlord  
  135  7:12  Swarm Host x3  
  135  7:13  Swarm Host  
  147  7:15  Overseer  
  147  7:18  Overlord  
  147  7:20  Swarm Host x3  
  156  7:23  Swarm Host  
  156  7:29  Roach x2  
  163  7:31  Overlord  
  163  7:32  Ravager  
  163  7:33  Roach, Ravager  
  167  7:39  Roach x2  
  167  7:40  Ravager  
  167  7:44  Overlord  
  171  7:45  Roach x4  
  171  7:48  Roach x2  
  179  7:53  Roach x3  
  179  7:56  Overlord  
  182  8:04  Roach x5  
  175  8:07  Roach x2  
  171  8:17  Roach x7  
  168  8:25  Roach x2  
  169  8:30  Ravager x2  
  169  8:38  Overlord, Hatchery  
  169  8:40  Roach x5  
  176  8:43  Roach  
  176  8:46  Roach  
  180  8:57  Swarm Host  
  181  9:07  Roach, Ravager x2  
  181  9:09  Overlord  
  185  9:13  Swarm Host  
  185  9:14  Overlord  
  174  9:36  Roach x7  
  176  9:40  Ravager  
  176  9:42  Roach x3  
  172  9:55  Roach x4  
  172  9:59  Roach  
  156  10:13  Roach x8  
  155  10:18  Roach  
  157  10:24  Overlord  
  155  10:37  Overlord x2  
  155  10:40  Hatchery  
  141  10:52  Ravager  
  141  10:55  Ravager x2  
  141  10:56  Roach, Ravager x2  
  141  10:57  Roach x3  
  117  11:19  Roach x3  
  118  11:26  Roach  
  118  11:28  Ravager x2  
  120  11:34  Roach  
  122  11:41  Ravager  
  122  11:44  Roach  
  125  11:53  Roach x2  
  117  12:10  Roach x2  
  115  12:17  Roach x2  
  119  12:24  Roach  
  119  12:33  Overseer  
  108  12:43  Roach  
  76  13:34  Roach Warren  
  64  13:58  Drone x3  
Show
View Real Time Build Order
Export as new Build Order

Hellraiser Protoss - Winner!

Build Orders: 1 Gate Expand 

Get SALT Encoding   

  12  0:00  Probe  
  13  0:12  Probe  
  14  0:19  Pylon  
  14  0:24  Probe  
  15  0:33  Probe  
  15  0:38  Gateway  
  15  0:41  Probe  
  16  0:46  Assimilator  
  17  0:53  Probe  
  18  1:06  Probe  
  19  1:20  Nexus  
  19  1:23  Probe  
  20  1:35  Cybernetics Core  
  20  1:36  Probe  
  21  1:41  Assimilator  
  21  1:48  Probe  
  21  1:50  Pylon  
  22  2:00  Probe  
  22  2:01  Stalker  
  23  2:09  Probe  
  23  2:11  Warp Gate  
  26  2:17  Probe  
  27  2:23  Gateway  
  27  2:29  Probe  
  27  2:31  Sentry, Probe  
  31  2:37  Probe  
  31  2:43  Probe  
  33  2:45  Robotics Facility  
  33  2:47  Probe  
  34  2:54  Gateway  
  34  2:55  Probe  
  35  2:59  Probe  
  36  3:05  Stalker  
  36  3:07  Probe  
  36  3:11  Probe  
  36  3:12  Pylon  
  40  3:19  Probe  
  41  3:20  Immortal  
  41  3:23  Probe  
  42  3:31  Probe  
  47  3:35  Probe  
  47  3:36  Forge  
  48  3:44  Probe  
  48  3:47  Probe, Pylon  
  50  3:52  Immortal  
  50  3:56  Probe  
  50  4:00  Probe  
  54  4:03  Pylon  
  54  4:05  Protoss Ground Weapons Level 1  
  54  4:08  Probe  
  57  4:11  Assimilator  
  57  4:13  Assimilator  
  57  4:16  Adept x2  
  61  4:24  Probe  
  61  4:28  Warp Prism  
  63  4:34  Probe  
  65  4:41  Nexus  
  65  4:44  Probe  
  66  4:49  Probe  
  66  4:51  Adept, Pylon  
  65  4:53  Adept  
  65  4:59  Observer  
  67  5:00  Probe  
  69  5:08  Probe  
  69  5:10  Twilight Council  
  69  5:12  Probe, Stalker  
  73  5:16  Pylon  
  73  5:20  Probe  
  74  5:22  Immortal  
  78  5:30  Protoss Ground Weapons Level 2  
  78  5:34  Probe x2  
  80  5:39  Sentry x2  
  84  5:46  Probe x2  
  84  5:49  Blink  
  86  5:53  Immortal  
  86  5:58  Probe x2  
  92  6:10  Probe x3  
  95  6:14  Gateway  
  95  6:16  Gateway  
  95  6:20  Sentry x2  
  95  6:23  Gateway x2  
  99  6:25  Gateway  
  99  6:26  Gateway  
  99  6:28  Pylon  
  99  6:33  Assimilator  
  99  6:41  Probe  
  99  6:44  Immortal  
  104  6:54  Sentry, Stalker  
  104  6:58  Pylon x2  
  104  7:01  Pylon  
  108  7:10  Photon Cannon  
  108  7:11  Pylon  
  108  7:17  Stalker x3  
  108  7:18  Stalker  
  108  7:19  Stalker x2  
  108  7:21  Stalker x2  
  124  7:37  Pylon  
  124  7:41  Zealot  
  124  7:42  Zealot  
  124  7:51  Stalker x6  
  125  7:53  Probe x2  
  125  7:55  Probe  
  130  8:05  Protoss Ground Weapons Level 3, Probe x2  
  120  8:06  Stalker x2  
  108  8:16  Stalker x3  
  108  8:27  Probe x3  
  108  8:30  Charge  
  109  8:37  Sentry x3  
  109  8:38  Sentry  
  109  8:40  Probe  
  118  8:45  Probe x2  
  118  8:47  Assimilator  
  120  8:53  Probe  
  121  8:58  Probe x2  
  123  9:05  Probe  
  123  9:06  Stalker x3  
  123  9:07  Stalker  
  132  9:20  Stalker x4  
  130  9:39  Probe x2  
  132  9:46  Stalker x4  
  132  9:47  Stalker x3  
  112  10:18  Stalker x7  
  112  10:21  Probe x3  
  127  10:29  Probe x3  
  130  10:37  Probe x3  
  130  10:41  Dark Shrine  
  133  10:48  Probe x2  
  133  10:49  Probe  
  136  11:00  Probe x2  
  136  11:02  Nexus  
  107  11:18  Probe  
  104  11:19  Probe  
  105  11:36  Observer  
  103  11:45  Stalker x8  
  120  12:15  Dark Templar  
  120  12:16  Dark Templar x3  
  128  12:25  Stalker x2  
  129  12:41  Nexus  
  113  13:03  Observer  
  104  13:10  Stalker  
  104  13:11  Stalker x6  
  116  13:31  Pylon  
  116  13:34  Stalker  
  116  13:37  Pylon x2  
  116  13:59  Stalker  
  116  14:00  Stalker x6  

Tags
 
Add a new tag
Caveats
  • Supply blocks, unpowered buildings, or Contaminate may cause inaccurate times.
  • Supply counts are checked every 10 seconds.